 Dungeon Crawl Stone Soup version 0.31.0-9-g3a7656b989 (webtiles) character file.

Game seed: 15303196550871282371

158 qw the Skirmisher (level 5, -2/29 HPs)
             Began as a Deep Elf Hunter on Feb 2, 2024.
             Incinerated by a bombardier beetle (3 damage)
             ... with a burning spray
             ... on level 3 of the Dungeon.
             The game lasted 00:00:08 (2314 turns).

qw the Skirmisher (Deep Elf Hunter)                 Turns: 2314, Time: 00:00:09

Health: -2/29      AC:  3    Str: 10    XL:     5   Next: 16%
Magic:  7/7        EV: 17    Int: 14    God:
Gold:   164        SH:  0    Dex: 18    Spells: 4/4 levels left

rFire   . . .        a - +0 shortbow (flame)
rCold   . . .        (shield currently unavailable)
rNeg    . . .        c - +0 leather armour
rPois   .            (no helmet)
rElec   .            (no cloak)
rCorr   .            (no gloves)
SInv    .            (no boots)
Will    .....        (no amulet)
Stlth   +            j - +5 ring of evasion
HPRegen 0.24/turn    (no ring)
MPRegen 0.10/turn

%: no passive effects
@: on fire, glowing
A: no striking features
a: no special abilities


You were on level 3 of the Dungeon.
You visited 1 branch of the dungeon, and saw 3 of its levels.

You collected 164 gold pieces.


   Skills:
 - Level 1.5 Fighting
 + Level 8.6 Ranged Weapons
 - Level 2.4 Dodging
 - Level 1.2 Stealth


You had 4 spell levels left.
You didn't know any spells.
Your spell library was empty.

Inventory:

Hand Weapons
 a - a +0 shortbow of flaming (weapon)
Armour
 c - a +0 leather armour (worn)
 d - a +0 ring mail
Jewellery
 b - a +4 ring of protection
 j - a +5 ring of evasion (left hand)
Potions
 e - a potion of might
 f - a potion of curing
 g - a potion of cancellation
 h - a potion of heal wounds
 i - a potion of mutation {unknown}

Dungeon Overview and Level Annotations

Branches:
Dungeon (3/15)

Altars:
Cheibriados


Message History

Enter note: You shoot an arrow.
The arrow hits the bombardier beetle.
The arrow burns the bombardier beetle.
The bombardier beetle is lightly wounded.
You shoot an arrow.
The arrow barely misses the bombardier beetle.
You shoot an arrow.
The arrow barely misses the bombardier beetle.
The bombardier beetle sprays incendiary fluid at you.
The burning spray misses you.
You shoot an arrow.
The arrow hits the bombardier beetle but does no damage.
The bombardier beetle is lightly wounded.
You shoot an arrow.
The arrow hits the bombardier beetle but does no damage.
The bombardier beetle is lightly wounded.
You shoot an arrow. The arrow hits the bombardier beetle!
The arrow burns the bombardier beetle.
The bombardier beetle is severely wounded.
The bombardier beetle sprays incendiary fluid at you.
The burning spray hits you.
You are covered in liquid fire!
You shoot an arrow. The arrow hits the bombardier beetle!
The arrow burns the bombardier beetle.
You kill the bombardier beetle!
The liquid fire burns you!
You have reached level 5!
You are on fire!
The liquid fire burns you!
You are on fire!
The liquid fire burns you!
You are on fire!
The liquid fire burns you!
You are on fire!
The liquid fire burns you!
You are on fire!
The liquid fire burns you!
You are on fire!
The liquid fire burns you!
You die...

####### ##### #.....#.....#
###....@'..%..#
#####....8..'...._##### ###
#.....##....'.....#...# #..
#.###.##....#.....#...# #..
#...#.#############...# #..
###.#.# ##.......####..
#####.#.#
#####........'.....
#.....#.#
##............####..
###.#####.###.............#
#..


There were no monsters in sight!

Vanquished Creatures
  A bombardier beetle (D:3)
  An orc priest (D:2)
  2 adders
  3 dart slugs
  4 orcs
  5 bats
  8 endoplasms
  A giant cockroach (D:1)
  5 goblins
  5 hobgoblins
  10 jackals
  2 quokkas
  3 ball pythons
  4 frilled lizards
  4 kobolds
  2 rats (D:1)
60 creatures vanquished.

Notes
Turn   | Place    | Note
-------+----------+-------------------------------------------
     0 | D:1      | qw the Deep Elf Hunter began the quest for the Orb.
     0 | D:1      | Reached XP level 1. HP: 12/12 MP: 3/3
     0 | D:1      | 0 ||| qw: Version: 0.3-a-155-g5e7d8dd
     0 | D:1      | 0 ||| qw: Game counter: 1293
     0 | D:1      | 0 ||| qw: Melee chars always use a shield: true
     0 | D:1      | 0 ||| qw: God list: Okawaru
     0 | D:1      | 0 ||| qw: Allow faded altars: false
     0 | D:1      | 0 ||| qw: Do Orc after clearing Dungeon:15 true
     0 | D:1      | 0 ||| qw: Do second Lair branch before Depths: true
     0 | D:1      | 0 ||| qw: Lair rune preference: random
     0 | D:1      | 0 ||| qw: Goals: Normal
     0 | D:1      | 0 ||| PLANNING D:1-11
    60 | D:1      | 60 ||| RETREEEEATING.
   134 | D:1      | Reached XP level 2. HP: 16/16 MP: 4/4
   244 | D:1      | Reached skill level 6 in Ranged Weapons
   912 | D:1      | 912 ||| UPGRADING to +5 ring of evasion.
   913 | D:1      | 913 ||| READING 3 scrolls labelled PAUCRIREAR.
   913 | D:1      | 913 ||| IDENTIFYING fizzy inky potion
   914 | D:1      | 914 ||| READING 2 scrolls of identify.
   914 | D:1      | 914 ||| IDENTIFYING murky brown potion
   915 | D:1      | 915 ||| READING scroll of identify.
   915 | D:1      | 915 ||| IDENTIFYING metallic emerald potion
   916 | D:1      | 916 ||| READING scroll labelled SERICS RISA.
   917 | D:1      | 917 ||| READING scroll labelled FEEZISA FYILO.
  1018 | D:1      | 1018 ||| DRINKING 2 metallic cyan potions.
  1019 | D:1      | 1019 ||| DROPPING scroll of butterflies.
  1061 | D:2      | HP: 4/16 [adder (3)]
  1062 | D:2      | 1062 ||| DRINKING potion of heal wounds.
  1067 | D:2      | Reached XP level 3. HP: 15/20 MP: 5/5
  1493 | D:2      | Reached skill level 7 in Ranged Weapons
  1951 | D:2      | 1951 ||| READING 2 scrolls of identify.
  1951 | D:2      | 1951 ||| IDENTIFYING metallic silvery potion
  1952 | D:2      | 1952 ||| READING scroll of identify.
  1952 | D:2      | 1952 ||| IDENTIFYING scroll labelled ZOMYLYHOIT
  1953 | D:2      | 1953 ||| READING scroll of brand weapon.
  1953 | D:2      | 1953 ||| BRANDING +0 shortbow.
  1954 | D:2      | 1954 ||| READING 2 scrolls labelled OXIOSH QANOEC.
  1955 | D:2      | 1955 ||| DROPPING scroll of poison.
  1956 | D:2      | 1956 ||| DROPPING potion of degeneration.
  1958 | D:2      | 1958 ||| Stepping ~*~*~tactically~*~*~ (cloud).
  1958 | D:2      | HP: 4/20 [poisoned by you (poison gas)]
  1959 | D:2      | 1959 ||| DRINKING potion of curing.
  1959 | D:2      | 1959 ||| (to cure poison)
  2008 | D:3      | 2008 ||| STAIRDANCE
  2025 | D:3      | 2025 ||| STAIRDANCE
  2028 | D:2      | Reached XP level 4. HP: 25/25 MP: 6/6
  2129 | D:3      | Reached skill level 8 in Ranged Weapons
  2301 | D:3      | Found a snail-covered altar of Cheibriados.
  2309 | D:3      | Reached XP level 5. HP: 23/29 MP: 7/7
  2312 | D:3      | HP: 5/29 [burnt (5)]
  2313 | D:3      | HP: 1/29 [burnt (4)]
  2314 | D:3      | Incinerated by a bombardier beetle

Levels and vault maps discovered:
D:1:      erik_arrival_orb_chamber, layout_basic, minmay_tromino_v2
D:2:      layout_loops_corners
D:3:      layout_basic, slow_altar_2, serial_curves, eino_curves_01,
          eino_curves_03, ebering_ghost_sewer_d

Skill      XL: |  1  2  3  4 |
---------------+-------------+-----
Ranged Weapons | 6 7 8 |  8.6
Fighting       | |  1.5
Dodging        | |  2.4
Stealth        | |  1.2

Action                     |  1- 3 |  4- 6 || total
---------------------------+-------+-------++-------
   Fire: Shortbow          |   111 |    56 ||   167
    Use: Scroll            |     9 |       ||     9
         Potion            |     3 |       ||     3
 Armour: Leather armour    |    28 |     3 ||    31
  Dodge: Dodged            |    40 |    15 ||    55

Table legend:
 A = Non-vault XP
 B = Vault XP
 C = Vault XP percentage of total XP
 D = Non-vault monster count
 E = Vault monster count
 F = Vault count percentage of total count
                 A         B        C        D         E       F
            +---------+---------+-------+---------+---------+-------
      Total |     176 |      50 |  22.1 |      58 |       2 |   3.3
            +---------+---------+-------+---------+---------+-------
        D:1 |      36 |       2 |   5.3 |      21 |       1 |   4.5
        D:2 |      94 |       0 |   0.0 |      21 |       0 |   0.0
        D:3 |      46 |      48 |  51.1 |      16 |       1 |   5.9
            +---------+---------+-------+---------+---------+-------
